 Dungeon Crawl Stone Soup version 0.27-b1-42-g19c61b19a5 (webtiles) character file.

Game seed: 15648209180450719800

180 shoop the Magician (level 5, -4/37 HPs)
             Began as a Djinni Wanderer on July 30, 2021.
             Was a Follower of Cheibriados.
             Slain by Natasha (5 damage)
             ... on level 3 of the Dungeon.
             The game lasted 00:05:10 (3090 turns).

shoop the Magician (Djinni Wanderer)                Turns: 3090, Time: 00:05:11

Health: -4/37      AC:  2    Str: 14    XL:     5   Next: 91%
Gold:   105        EV: 12    Int: 17    God:    Cheibriados [*.....] SH:  0 Dex: 16

rFire    + + .     SeeInvis .   a - +0 dagger
rCold    x . .     Faith    .   (no shield)
rNeg     . . .     Spirit   .   c - +0 robe
rPois    ∞         Reflect  .   (no helmet)
rElec    .         Harm     .   (no cloak)
rCorr    .         Rampage  .   (no gloves)
Will     .....                  (boots unavailable)
Stlth    ++........             (no amulet)
HPRegen  0.12/turn              (no ring)
MPRegen  0.00/turn              (no ring)

@: flying, very slow
A: sickness immunity, fire resistance 2, cold vulnerability 1, float, innate
caster, hp casting, extra vitality 1
a: Renounce Religion, Bend Time


You were on level 3 of the Dungeon.
You worshipped Cheibriados.
Cheibriados was aware of your devotion.
You visited 1 branch of the dungeon, and saw 3 of its levels.

You collected 105 gold pieces.

Inventory:

Hand Weapons
 a - a +0 dagger (weapon)
Missiles
 g - 4 silver javelins
Armour
 c - a +0 robe (worn)
Scrolls
 f - a scroll of noise {unknown}
 h - 5 scrolls of identify {unknown}
 i - a scroll of amnesia {unknown}
 j - a scroll of immolation {unknown}
 l - a scroll of enchant weapon {unknown}
Potions
 d - a potion of lignification
 e - a potion of magic {unknown}
 k - 2 potions of brilliance {unknown}
Miscellaneous
 b - a piece from Xom's chessboard (15/15)


   Skills:
 - Level 1.0 Fighting
 - Level 1.0 Polearms
 - Level 1.1 Dodging
 - Level 1.0 Stealth
 + Level 5.2 Spellcasting
 + Level 2.5 Invocations
 - Level 2.0 Evocations


You couldn't memorise any spells.
You knew the following spells:

 Your Spells              Type           Power      Damage    Failure   Level
a - Magic Dart            Conj           88%        1d7       1%          1
b - Blink                 Tloc           N/A        N/A       2%          2
c - Call Imp              Summ           22%        N/A       2%          2
d - Slow                  Hex            22%        N/A       2%          2
e - Conjure Flame         Conj/Fire      22%        6-21      4%          3
f - Mephitic Cloud        Conj/Pois/Air  22%        N/A       4%          3
g - Apportation           Tloc           44%        N/A       1%          1
h - Searing Ray           Conj           44%        3d4       2%          2

Your spell library contained the following spells:

 Spells                   Type           Power      Damage    Failure   Level


Dungeon Overview and Level Annotations

Branches:
Dungeon (3/15)

Altars:
Cheibriados
Sif Muna

Annotations:
D:3 Natasha


Innate Abilities, Weirdness & Mutations

You are immune to sickness and miasma.
You are immune to poison.
Your flesh is very heat resistant. (rF++)
You are vulnerable to cold. (rC-)
You float through the air rather than walking.
You learn spells naturally, not from books.
Your magical power is your life essence.
You have superior vitality. (+4 HP)


Message History

Natasha claws you!
Casting: Magic Dart (safe; 1% risk of failure)
Confirm with . or Enter, or press ? or * to list all spells.
Aiming: Magic Dart (safe; 1% risk of failure)
Press: ? - help, Shift-Dir - straight line, f/p - Natasha
Aim: Natasha (heavily wounded, 100% to hit)
The magic dart hits Natasha.
Natasha is severely wounded.
Natasha claws you.
* * * LOW HITPOINT WARNING * * *
Casting: Magic Dart (safe; 1% risk of failure)
Confirm with . or Enter, or press ? or * to list all spells.
Aiming: Magic Dart (safe; 1% risk of failure)
Press: ? - help, Shift-Dir - straight line, f/p - Natasha
Aim: Natasha (severely wounded, 100% to hit)
The magic dart hits Natasha.
Natasha is almost dead.
* * * LOW HITPOINT WARNING * * *
Natasha stares at you and mumbles some strange words.
The magic dart hits you!
* * * LOW HITPOINT WARNING * * *
Casting: Magic Dart (safe; 1% risk of failure)
Confirm with . or Enter, or press ? or * to list all spells.
Aiming: Magic Dart (safe; 1% risk of failure)
Press: ? - help, Shift-Dir - straight line, f/p - Natasha
Aim: Natasha (almost dead, 100% to hit)
The magic dart hits Natasha.
Natasha is almost dead.
* * * LOW HITPOINT WARNING * * *
Natasha drinks a potion.
Natasha is healed!
Casting: Magic Dart (safe; 1% risk of failure)
Confirm with . or Enter, or press ? or * to list all spells.
Aiming: Magic Dart (safe; 1% risk of failure)
Press: ? - help, Shift-Dir - straight line, f/p - Natasha
Aim: Natasha (100% to hit)
The magic dart hits Natasha.
Natasha is moderately wounded.
* * * LOW HITPOINT WARNING * * *
Natasha claws you.
You die...

#.# #. #.# ..
#.# ..#####.#
........#
...)....####
..##.......#
#.##.##@##.####
####
#.##...h.......
....
#.##)##.##.####
#..#
#.##.......#
#..####
####.......####
.....#
#......>####
#.##.#
#.####..###
#<##.#
#.#.).....#
#.....
#.#.#.....###
#.....


You could see Natasha.

Vanquished Creatures
  An ogre (D:3)
  Natasha (D:3)
  2 worms
  A dart slug (D:1)
  6 bats
  3 endoplasms
  4 giant cockroaches
  6 goblins
  3 hobgoblins
  12 jackals
  4 kobolds
  3 quokkas
  4 ball pythons
  3 frilled lizards
  3 rats (D:1)
56 creatures vanquished.

Vanquished Creatures (others)
  A plant (D:1)
1 creature vanquished.

Grand Total: 57 creatures vanquished

Notes
Turn   | Place    | Note
-------+----------+-------------------------------------------
     0 | D:1      | shoop the Djinni Wanderer began the quest for the Orb.
     0 | D:1      | Reached XP level 1. HP: 17/17 MP: 0/0
   128 | D:1      | Reached skill level 1 in Stealth
   234 | D:1      | Reached XP level 2. HP: 19/22 MP: 0/0
   618 | D:1      | Reached XP level 3. HP: 24/27 MP: 0/0
   618 | D:1      | Learned a level 1 spell: Apportation
  1945 | D:2      | Found a faded altar of an unknown god.
  1948 | D:2      | Became a worshipper of Cheibriados the Contemplative
  1948 | D:2      | Reached * piety under Cheibriados
  2012 | D:2      | Reached XP level 4. HP: 31/32 MP: 0/0
  2357 | D:3      | Noticed Natasha
  2362 | D:3      | Killed Natasha
  2363 | D:3      | Reached skill level 1 in Invocations
  2557 | D:3      | Reached skill level 5 in Spellcasting
  2964 | D:3      | Noticed an ogre
  2977 | D:3      | Killed an ogre
  2978 | D:3      | Reached XP level 5. HP: 22/37 MP: 0/0
  2978 | D:3      | Learned a level 2 spell: Searing Ray
  3082 | D:3      | Noticed Natasha
  3090 | D:3      | Slain by Natasha

Illustrated notes

Levels and vault maps discovered:
D:1:      lightli_arrival_lavapool, layout_rooms, serial_bayou_lagoon_a,
          serial_bayou_ford_a
D:2:      layout_loops_cross, shapermc_ecumenical_altar_mp_vishouse
D:3:      layout_loops_cross, lemuel_round_altar, uniq_natasha

Skill      XL: |  1  2  3  4 |
---------------+-------------+-----
Stealth        | 1 |  1.0
Invocations    | 2 |  2.5
Spellcasting   | 5 |  5.2
Fighting       | |  1.0
Polearms       | |  1.0
Dodging        | |  1.1
Evocations     | |  2.0

Action                   |  1- 3 |  4- 6 || total
-------------------------+-------+-------++-------
Melee: Dagger            |       |     4 ||     4
 Cast: Magic Dart        |    96 |    59 ||   155
       Mephitic Cloud    |       |     2 ||     2
Armor: Robe              |     3 |       ||     3
Dodge: Dodged            |    10 |     4 ||    14
